[ AOE2 MATCH · #482767006 ]
1v1 RMMagyars vs Huns
Player's team · WIN
Rival team · LOSS
[ REPLAY ANALYSIS · EXTRACTED FROM THE RECORDED GAME ]
Feudal
10:05
Castle
22:11
Imperial
—
| APM avg | 32.1 |
| APM peak | 53 |
| eAPM avg | 18.4 |
| Villagers / military | 67 / 44 |
Focus
⚔️ 24.9% · 🌾 75.1%
Spearman ×20 · Scout Cavalry ×8 · Knight ×7 · Militia ×3 · Skirmisher ×3 · Archer ×2
Feudal
11:27
Castle
16:28
Imperial
—
| APM avg | 25.9 |
| APM peak | 65 |
| eAPM avg | 16.4 |
| Villagers / military | 51 / 7 |
Focus
⚔️ 23.9% · 🌾 76.1%
Tarkan ×7
Match map
Initial resources + every placement click. Lines = walls · curves = elevation contours. ◆ gold · ⬟ stone · ● berries · ✦ relic · ◌ wall gap
Your base· ✓ Closed at 22:11 · 23t walls · 1 gate(s)
pozzamate's base· Open — unwalled flank
Smoothed initial terrain · ◌ = detected wall gap · hover for details
Inputs per minute
— Roodey - - pozzamate
Build order — Roodey
First 150 of 202 actions detected
| 0:01 | Create | Villager (Male) |
| 0:01 | Create | Villager (Male) |
| 0:03 | Build | House |
| 0:05 | Build | House |
| 0:09 | Create | Villager (Male) |
| 0:09 | Create | Villager (Male) |
| 0:09 | Create | Villager (Male) |
| 1:24 | Create | Villager (Male) |
| 1:53 | Build | Lumber Camp |
| 2:07 | Research | Loom |
| 2:07 | Research | Loom |
| 2:11 | Create | Villager (Male) |
| 2:11 | Create | Villager (Male) |
| 2:20 | Create | Villager (Male) |
| 2:20 | Create | Villager (Male) |
| 2:20 | Create | Villager (Male) |
| 3:00 | Create | Villager (Male) |
| 3:00 | Create | Villager (Male) |
| 3:07 | Create | Villager (Male) |
| 3:08 | Create | Villager (Male) |
| 3:32 | Build | House |
| 4:00 | Create | Villager (Male) |
| 4:00 | Create | Villager (Male) |
| 4:16 | Build | Mill |
| 4:33 | Create | Villager (Male) |
| 4:33 | Create | Villager (Male) |
| 4:37 | Create | Villager (Male) |
| 4:37 | Create | Villager (Male) |
| 5:09 | Create | Villager (Male) |
| 5:10 | Create | Villager (Male) |
| 5:10 | Create | Villager (Male) |
| 5:32 | Build | House |
| 6:07 | Create | Villager (Male) |
| 6:07 | Create | Villager (Male) |
| 6:36 | Create | Villager (Male) |
| 6:37 | Create | Villager (Male) |
| 6:37 | Create | Villager (Male) |
| 6:41 | Research | Loom |
| 7:45 | Build | Lumber Camp |
| 7:55 | Research | Feudal Age |
| 7:55 | Research | Feudal Age |
| 8:11 | Create | Villager (Male) |
| 8:18 | Build | Palisade Wall |
| 8:23 | Build | Palisade Wall |
| 8:24 | Build | Palisade Wall |
| 8:27 | Create | Villager (Male) |
| 8:59 | Build | Barracks |
| 9:09 | Build | House |
| 9:27 | Build | House |
| 10:05 | Age | Feudal Age |
| 10:07 | Build | Stable |
| 10:16 | Create | Spearman |
| 10:32 | Research | Double-Bit Axe |
| 10:49 | Create | Scout Cavalry |
| 10:49 | Create | Scout Cavalry |
| 10:50 | Create | Scout Cavalry |
| 10:58 | Create | Villager (Male) |
| 11:02 | Create | Scout Cavalry |
| 11:11 | Build | Palisade Gate |
| 11:13 | Build | House |
| 11:16 | Build | Farm |
| 11:16 | Build | Farm |
| 11:16 | Build | Farm |
| 11:17 | Build | Farm |
| 11:19 | Create | Villager (Male) |
| 11:21 | Create | Militia |
| 11:38 | Build | Palisade Wall |
| 11:40 | Build | Farm |
| 11:41 | Build | Farm |
| 11:41 | Build | Farm |
| 11:43 | Create | Villager (Male) |
| 11:46 | Create | Militia |
| 11:46 | Create | Militia |
| 12:03 | Create | Villager (Male) |
| 12:05 | Build | Farm |
| 12:05 | Build | Farm |
| 12:05 | Build | Farm |
| 12:41 | Create | Villager (Male) |
| 12:49 | Build | Archery Range |
| 12:53 | Build | Farm |
| 12:53 | Build | Farm |
| 12:56 | Create | Villager (Male) |
| 13:08 | Build | House |
| 13:18 | Build | Farm |
| 13:30 | Create | Villager (Male) |
| 13:41 | Create | Villager (Male) |
| 13:52 | Create | Villager (Male) |
| 14:00 | Build | Mining Camp |
| 14:01 | Create | Skirmisher |
| 14:01 | Create | Skirmisher |
| 14:23 | Create | Spearman |
| 14:38 | Build | Farm |
| 14:40 | Build | Farm |
| 14:47 | Build | House |
| 14:48 | Build | House |
| 14:50 | Create | Villager (Male) |
| 15:02 | Create | Villager (Male) |
| 15:25 | Build | Market |
| 15:30 | Build | Blacksmith |
| 15:47 | Build | Watch Tower |
| 15:52 | Create | Villager (Male) |
| 15:57 | Create | Villager (Male) |
| 16:00 | Create | Scout Cavalry |
| 16:00 | Create | Scout Cavalry |
| 16:03 | Build | House |
| 16:09 | Build | Farm |
| 16:09 | Build | Farm |
| 16:09 | Build | Farm |
| 16:10 | Build | Farm |
| 16:34 | Build | House |
| 16:40 | Create | Villager (Male) |
| 16:42 | Create | Scout Cavalry |
| 17:14 | Create | Villager (Male) |
| 17:45 | Create | Villager (Male) |
| 17:52 | Build | Farm |
| 17:53 | Build | Farm |
| 17:53 | Build | Farm |
| 17:53 | Build | Farm |
| 17:54 | Build | Farm |
| 17:54 | Build | Farm |
| 17:55 | Build | Farm |
| 17:55 | Build | Farm |
| 18:28 | Build | Market |
| 18:33 | Create | Villager (Male) |
| 18:33 | Create | Villager (Male) |
| 19:15 | Create | Villager (Male) |
| 19:31 | Research | Castle Age |
| 19:31 | Research | Castle Age |
| 19:32 | Research | Castle Age |
| 20:03 | Create | Villager (Male) |
| 20:14 | Create | Spearman |
| 20:15 | Create | Spearman |
| 20:16 | Create | Archer |
| 20:16 | Create | Archer |
| 20:20 | Create | Scout Cavalry |
| 20:32 | Research | Horse Collar |
| 20:49 | Create | Villager (Male) |
| 21:12 | Research | Wheelbarrow |
| 21:38 | Create | Villager (Male) |
| 22:05 | Create | Villager (Male) |
| 22:11 | Age | Castle Age |
| 22:15 | Build | Town Center |
| 22:22 | Research | Bow Saw |
| 22:26 | Create | Knight |
| 22:26 | Create | Knight |
| 22:58 | Create | Villager (Male) |
| 23:08 | Create | Spearman |
| 23:09 | Create | Spearman |
| 23:13 | Create | Villager (Male) |
| 23:14 | Create | Spearman |
Build order — pozzamate
132 actions detected in the replay
| 0:01 | Create | Villager (Male) |
| 0:01 | Create | Villager (Male) |
| 0:13 | Create | Villager (Male) |
| 0:14 | Create | Villager (Male) |
| 1:22 | Create | Villager (Male) |
| 1:49 | Build | Lumber Camp |
| 2:05 | Create | Villager (Male) |
| 2:05 | Create | Villager (Male) |
| 2:06 | Create | Villager (Male) |
| 2:38 | Create | Villager (Male) |
| 2:55 | Create | Villager (Male) |
| 3:43 | Create | Villager (Male) |
| 4:09 | Create | Villager (Male) |
| 4:13 | Create | Villager (Male) |
| 4:22 | Build | Mill |
| 4:59 | Create | Villager (Male) |
| 5:11 | Create | Villager (Male) |
| 5:12 | Create | Villager (Male) |
| 5:31 | Create | Villager (Male) |
| 6:07 | Create | Villager (Male) |
| 6:36 | Create | Villager (Male) |
| 7:16 | Create | Villager (Male) |
| 7:17 | Create | Villager (Male) |
| 8:15 | Create | Villager (Male) |
| 8:32 | Build | Mining Camp |
| 8:52 | Research | Loom |
| 8:54 | Create | Villager (Male) |
| 8:57 | Research | Feudal Age |
| 9:32 | Build | Palisade Wall |
| 9:34 | Build | Palisade Wall |
| 9:36 | Build | Palisade Wall |
| 9:39 | Build | Palisade Wall |
| 9:41 | Build | Palisade Wall |
| 9:44 | Build | Palisade Wall |
| 9:50 | Build | Palisade Wall |
| 9:54 | Build | Palisade Wall |
| 10:15 | Build | Farm |
| 10:20 | Build | Farm |
| 10:30 | Build | Palisade Wall |
| 10:34 | Build | Palisade Wall |
| 10:36 | Build | Palisade Wall |
| 10:37 | Build | Palisade Wall |
| 11:00 | Build | Palisade Wall |
| 11:14 | Build | Palisade Wall |
| 11:27 | Age | Feudal Age |
| 11:31 | Build | Palisade Wall |
| 11:33 | Create | Villager (Male) |
| 11:34 | Create | Villager (Male) |
| 11:40 | Build | Market |
| 11:55 | Build | Blacksmith |
| 12:06 | Build | Stone Wall |
| 12:11 | Build | Farm |
| 12:21 | Create | Villager (Male) |
| 12:58 | Create | Villager (Male) |
| 13:09 | Build | Lumber Camp |
| 13:48 | Research | Castle Age |
| 13:48 | Research | Castle Age |
| 14:06 | Build | Farm |
| 14:59 | Research | Double-Bit Axe |
| 15:00 | Research | Double-Bit Axe |
| 15:06 | Build | Farm |
| 15:08 | Build | Farm |
| 15:09 | Build | Farm |
| 15:11 | Build | Farm |
| 15:14 | Build | Farm |
| 16:00 | Research | Horse Collar |
| 16:00 | Research | Horse Collar |
| 16:28 | Age | Castle Age |
| 16:43 | Create | Villager (Male) |
| 16:43 | Create | Villager (Male) |
| 17:46 | Build | Palisade Wall |
| 17:47 | Build | Palisade Wall |
| 18:09 | Build | Palisade Wall |
| 18:32 | Build | Palisade Wall |
| 18:42 | Create | Villager (Male) |
| 18:42 | Create | Villager (Male) |
| 18:53 | Build | Palisade Wall |
| 18:58 | Build | Palisade Wall |
| 19:30 | Build | Palisade Wall |
| 19:32 | Build | Palisade Wall |
| 19:35 | Build | Palisade Wall |
| 19:43 | Create | Villager (Male) |
| 19:43 | Create | Villager (Male) |
| 20:03 | Build | Farm |
| 20:16 | Build | Castle |
| 20:35 | Create | Villager (Male) |
| 20:35 | Create | Villager (Male) |
| 21:03 | Create | Villager (Male) |
| 21:04 | Create | Villager (Male) |
| 21:18 | Build | Mining Camp |
| 21:39 | Build | Town Center |
| 21:53 | Build | Farm |
| 21:58 | Build | Farm |
| 22:15 | Create | Villager (Male) |
| 22:15 | Create | Villager (Male) |
| 22:22 | Create | Tarkan |
| 22:33 | Create | Tarkan |
| 23:16 | Create | Tarkan |
| 23:27 | Build | Farm |
| 23:29 | Build | Farm |
| 23:32 | Build | Farm |
| 23:35 | Build | Farm |
| 23:38 | Build | Farm |
| 23:41 | Create | Villager (Male) |
| 23:50 | Build | Farm |
| 24:08 | Create | Villager (Male) |
| 24:13 | Build | Farm |
| 24:14 | Build | Farm |
| 24:19 | Build | Farm |
| 24:24 | Create | Villager (Male) |
| 24:46 | Create | Villager (Male) |
| 24:53 | Create | Villager (Male) |
| 24:56 | Build | Farm |
| 25:21 | Create | Tarkan |
| 25:24 | Create | Villager (Male) |
| 25:24 | Create | Villager (Male) |
| 25:27 | Create | Tarkan |
| 25:38 | Build | Palisade Wall |
| 25:41 | Build | Palisade Wall |
| 25:48 | Create | Villager (Male) |
| 25:49 | Create | Villager (Male) |
| 25:57 | Build | Palisade Wall |
| 26:10 | Build | Palisade Wall |
| 26:12 | Build | Palisade Wall |
| 26:18 | Build | Palisade Wall |
| 26:21 | Build | Palisade Wall |
| 26:52 | Build | Farm |
| 27:07 | Create | Tarkan |
| 27:08 | Create | Tarkan |
| 27:10 | Create | Villager (Male) |
| 27:10 | Create | Villager (Male) |
| 27:11 | Create | Villager (Male) |
Match timeline
| 8:18 | Roodey · wall_segment Palisade Wall x17 |
| 8:23 | Roodey · wall_segment Palisade Wall x1 |
| 8:24 | Roodey · wall_segment Palisade Wall x1 |
| 8:59 | Roodey · first_building Barracks |
| 9:32 | pozzamate · wall_segment Palisade Wall x1 |
| 9:34 | pozzamate · wall_segment Palisade Wall x1 |
| 9:36 | pozzamate · wall_segment Palisade Wall x1 |
| 9:39 | pozzamate · wall_segment Palisade Wall x1 |
| 9:41 | pozzamate · wall_segment Palisade Wall x1 |
| 9:44 | pozzamate · wall_segment Palisade Wall x1 |
| 9:50 | pozzamate · wall_segment Palisade Wall x1 |
| 9:54 | pozzamate · wall_segment Palisade Wall x1 |
| 10:05 | Roodey · age_up feudal |
| 10:07 | Roodey · first_building Stable |
| 10:30 | pozzamate · wall_segment Palisade Wall x1 |
| 10:34 | pozzamate · wall_segment Palisade Wall x1 |
| 10:36 | pozzamate · wall_segment Palisade Wall x1 |
| 10:37 | pozzamate · wall_segment Palisade Wall x1 |
| 11:00 | pozzamate · wall_segment Palisade Wall x6 |
| 11:14 | pozzamate · wall_segment Palisade Wall x6 |
| 11:27 | pozzamate · age_up feudal |
| 11:31 | pozzamate · wall_segment Palisade Wall x1 |
| 11:38 | Roodey · wall_segment Palisade Wall x4 |
| 12:06 | pozzamate · wall_segment Stone Wall x7 |
| 12:49 | Roodey · first_building Archery Range |
| 13:36 | pozzamate · first_market_sell 100 wood |
| 13:43 | pozzamate · first_market_buy 100 food |
| 16:28 | pozzamate · age_up castle |
| 17:46 | pozzamate · wall_segment Palisade Wall x1 |
| 17:47 | pozzamate · wall_segment Palisade Wall x1 |
| 17:49 | Roodey · first_market_sell 100 wood |
| 18:09 | pozzamate · wall_segment Palisade Wall x4 |
| 18:32 | pozzamate · wall_segment Palisade Wall x1 |
| 18:53 | pozzamate · wall_segment Palisade Wall x1 |
| 18:58 | pozzamate · wall_segment Palisade Wall x1 |
| 19:17 | Roodey · first_market_buy 100 food |
| 19:30 | pozzamate · wall_segment Palisade Wall x1 |
| 19:32 | pozzamate · wall_segment Palisade Wall x1 |
| 19:35 | pozzamate · wall_segment Palisade Wall x1 |
| 20:16 | pozzamate · first_building Castle |
| 22:11 | Roodey · age_up castle |
| 25:10 | Roodey · first_building Siege Workshop |
| 25:38 | pozzamate · wall_segment Palisade Wall x1 |
| 25:41 | pozzamate · wall_segment Palisade Wall x1 |
| 25:57 | pozzamate · wall_segment Palisade Wall x1 |
| 26:10 | pozzamate · wall_segment Palisade Wall x1 |
| 26:12 | pozzamate · wall_segment Palisade Wall x2 |
| 26:18 | pozzamate · wall_segment Palisade Wall x1 |
| 26:21 | pozzamate · wall_segment Palisade Wall x1 |
| 28:11 | pozzamate · resign |
[ AI ANALYSIS · 1 CREDIT ]
What really happened in this match?
Wolo.gg analyzes every decision: build order, eco, micro, common mistakes by bracket. Personalized analysis on WhatsApp or Discord in 30 seconds.
Civ guide
Magyars
Map guide
Arabia
Perfil
Jugador #3046147